 Dungeon Crawl Stone Soup version 0.31-a0-187-gba352fbbf7 (webtiles) character file.

Game seed: 15997452729666689552

13 qw the Shooter (level 2, 0/16 HPs)
             Began as a Deep Elf Hunter on June 22, 2023.
             Succumbed to their own poison gas
             ... on level 1 of the Dungeon.
             The game lasted 00:00:12 (409 turns).

qw the Shooter (Deep Elf Hunter)                     Turns: 409, Time: 00:00:12

Health: 0/16       AC:  3    Str: 10    XL:     2   Next: 24%
Magic:  4/4        EV: 12    Int: 13    God:
Gold:   49         SH:  0    Dex: 18    Spells: 1/1 levels left

rFire   . . .        d - +6 shortbow "Cienwut" {freeze, rN+ Str+2}
rCold   . . .        (shield currently unavailable)
rNeg    + . .        c - +0 leather armour
rPois   .            (no helmet)
rElec   .            (no cloak)
rCorr   .            (no gloves)
SInv    .            (no boots)
Will    .....        (no amulet)
Stlth   ++           (no ring)
HPRegen 0.22/turn    (no ring)
MPRegen 0.09/turn

%: no passive effects
@: lethally poisoned (0 -> -19)
A: no striking features
a: no special abilities


You were on level 1 of the Dungeon.
You visited 1 branch of the dungeon, and saw 1 of its levels.

You collected 49 gold pieces.


   Skills:
 - Level 1.5 Fighting
 + Level 6.1 Ranged Weapons
 - Level 2.4 Dodging
 - Level 1.2 Stealth


You had one spell level left.
You didn't know any spells.
Your spell library was empty.

Inventory:

Hand Weapons
 d - the +6 shortbow "Cienwut" (weapon) {freeze, rN+ Str+2}
   (You acquired it on level 1 of the Dungeon)

   Str:       It affects your strength (+2).
   rN:        It protects you from negative energy.
Armour
 c - a +0 leather armour (worn)
Scrolls
 a - a scroll of identify
Potions
 f - a potion of degeneration {unknown}
 j - a potion of lignification {unknown}

Dungeon Overview and Level Annotations

Branches:
Dungeon (1/15)

Altars:


Message History

The +6 shortbow "Cienwut" {freeze, rN+ Str+2} is covered in frost.
d - the +6 shortbow "Cienwut" (weapon)
{freeze, rN+ Str+2}
403 ||| DROPPING +0 shortbow.
You drop a +0 shortbow.
Done exploring.
404 ||| READING scroll labelled QEUJIDO CUGGE.
As you read the scroll labelled QEUJIDO CUGGE, it crumbles to dust.
It is a scroll of enchant weapon.
Really abort (and waste the scroll)?
Done exploring.
405 ||| READING scroll labelled MECRIAGISEXT.
The air fills with toxic fumes!
As you read the scroll labelled MECRIAGISEXT, it crumbles to dust.
It was a scroll of poison.
Done exploring.
406 ||| READING scroll labelled ODYBUG ONTA.
As you read the scroll labelled ODYBUG ONTA, it crumbles to dust.
It is a scroll of brand weapon.
Really abort (and waste the scroll)?
Done exploring.
407 ||| DROPPING scroll of butterflies.
You drop a scroll of butterflies.
Done exploring.
(D) Dungeon
Where to? (* - list waypoints, ? - help)
What level of the Dungeon? (default 1, ? - help) Sorry, I don't know how to get there.
Enter note:
Enter note:
Enter note:
Enter note:
Enter note:
Enter note:
Enter note:
Enter note:
Enter note: Really walk into that cloud of poison gas?
You are engulfed in poison gas.
You are lethally poisoned!
You feel very sick.
409 ||| Stepping ~*~*~tactically~*~*~ (cloud).
You die...

##########
#¤¤¤¤¤¤¤@#
#¤¤¤¤¤¤¤¤#
#¤¤¤¤¤¤¤¤#
#¤¤¤¤¤¤¤¤#
#########¤¤¤¤¤¤¤¤#
.........¤¤¤¤¤¤¤¤#
#########¤¤¤¤¤¤¤¤#
.# #¤¤¤¤¤¤¤¤# .#
#..%.....#


There were no monsters in sight!

Vanquished Creatures
  A giant cockroach (D:1)
  4 hobgoblins (D:1)
  A quokka (D:1)
  A frilled lizard (D:1)
  A goblin (D:1)
  2 kobolds (D:1)
  3 rats (D:1)
13 creatures vanquished.

Notes
Turn   | Place    | Note
-------+----------+-------------------------------------------
     0 | D:1      | qw the Deep Elf Hunter began the quest for the Orb.
     0 | D:1      | Reached XP level 1. HP: 12/12 MP: 3/3
     0 | D:1      | 0 ||| qw: Version: 0.3-a-9-g12657ce
     0 | D:1      | 0 ||| qw: Game counter: 2443
     0 | D:1      | 0 ||| qw: Always use a shield: true
     0 | D:1      | 0 ||| qw: God list: Okawaru
     0 | D:1      | 0 ||| qw: Allow faded altars: false
     0 | D:1      | 0 ||| qw: Do Orc after D:15 true
     0 | D:1      | 0 ||| qw: Do second Lair branch before Depths: true
     0 | D:1      | 0 ||| qw: Lair rune preference: random
     0 | D:1      | 0 ||| qw: Plans: Normal
     0 | D:1      | 0 ||| PLANNING D:1-11
   199 | D:1      | Reached skill level 6 in Ranged Weapons
   199 | D:1      | Reached XP level 2. HP: 16/16 MP: 4/4
   398 | D:1      | 398 ||| READING 2 scrolls labelled DENICS DIPUPTO.
   399 | D:1      | 399 ||| READING scroll labelled EDIOQO VISILAFEO.
   400 | D:1      | 400 ||| READING scroll labelled YSUCUF CAEXT.
   400 | D:1      | Identified a scroll of acquirement
   400 | D:1      | 400 ||| ACQUIRING +6 shortbow "Cienwut" {freeze, rN+ Str+2}
   400 | D:1      | Acquired the +6 shortbow "Cienwut" {freeze, rN+ Str+2}
   402 | D:1      | 402 ||| SWAPPING to +6 shortbow "Cienwut" {freeze, rN+
                  | Str+2}.
   403 | D:1      | 403 ||| DROPPING +0 shortbow.
   404 | D:1      | 404 ||| READING scroll labelled QEUJIDO CUGGE.
   405 | D:1      | 405 ||| READING scroll labelled MECRIAGISEXT.
   406 | D:1      | 406 ||| READING scroll labelled ODYBUG ONTA.
   407 | D:1      | 407 ||| DROPPING scroll of butterflies.
   408 | D:1      | HP: 4/16 [poisoned by you (poison gas)]
   409 | D:1      | 409 ||| Stepping ~*~*~tactically~*~*~ (cloud).
   409 | D:1      | Succumbed to their own poison gas

Levels and vault maps discovered:
D:1:      scummos_arrival_checkerplants, layout_rooms

Skill      XL: |  1 |
---------------+----+-----
Ranged Weapons | 6 |  6.1
Fighting       | |  1.5
Dodging        | |  2.4
Stealth        | |  1.2

Action                     || total
---------------------------++-------
   Fire: Shortbow          ||    33
    Use: Scroll            ||     6
 Armour: Leather armour    ||     1
  Dodge: Dodged            ||     1

Table legend:
 A = Non-vault XP
 B = Vault XP
 C = Vault XP percentage of total XP
 D = Non-vault monster count
 E = Vault monster count
 F = Vault count percentage of total count
                 A         B        C        D         E       F
            +---------+---------+-------+---------+---------+-------
      Total |      19 |       0 |   0.0 |      13 |       0 |   0.0
            +---------+---------+-------+---------+---------+-------
        D:1 |      19 |       0 |   0.0 |      13 |       0 |   0.0
            +---------+---------+-------+---------+---------+-------
